[Event "Slovakia Open 2022"]
[Site "Bratislava"]
[Date "2022.09.30"]
[Round "1.1"]
[White "Korobov, Anton"]
[Black "Mizicka, Matus"]
[Result "1-0"]
[ECO "E73"]
[WhiteElo "2671"]
[BlackElo "1975"]
[Annotator "TA"]
[PlyCount "63"]
[EventDate "2022.09.30"]
[EventCountry "SVK"]
[SourceTitle "playchess.com"]
[Source "ChessBase"]
[SourceQuality "1"]
[TimeControl "2700+10"]

1. d4 Nf6 2. c4 g6 3. Nc3 Bg7 4. e4 d6 5. Be2 O-O 6. Bg5 h6 7. Be3 Nbd7 8. Qd2 Kh7 9. g4 e5 10. d5 Nc5 11. f3 a5 12. Nh3 $5 {[%emt 0:00:10][%cal Bg1h3,Bh3f2,Bf2e4][%mdl 4] A promising side line. E73: King's Indian: Averbakh Variation without 6...c5.} Ne8 13. Nf2 {[%emt 0:00:29] White is more active.} f5 {[%emt 0:04:04] [#]} (13... Nf6 $16) 14. exf5 $146 {[%emt 0:00:25] White is clearly better.} ({Predecessor:} 14. gxf5 gxf5 15. O-O-O f4 16. Bxc5 dxc5 17. Nd3 b6 18. Rhg1 Nd6 19. Rxg7+ Kxg7 20. Nxe5 {0-1 (27) Vezzosi,P (2308)-Dobboletta,A (1995) Arco 2012}) 14... gxf5 15. h4 fxg4 16. fxg4 ({Stronger than} 16. Bxc5 dxc5 17. fxg4 Nd6 $11) 16... b6 17. O-O-O a4 18. Nfe4 Bd7 (18... Nxe4 $2 19. Nxe4 a3 20. g5 axb2+ 21. Kxb2 $18) 19. Nxc5 bxc5 20. Bd3+ Kh8 (20... Kg8 {was called for.} 21. Bxh6 a3 22. Bxg7 axb2+ 23. Kxb2 Kxg7) 21. Bxh6 ({Less strong is} 21. g5 e4 $18) 21... Qf6 22. Bxg7+ Qxg7 23. g5 {[%emt 0:00:12][%cal Bg4g5,Bg5g6,Bg6g7][%mdl 32] [#] Strongly threatening Rdf1.} a3 24. b3 Bg4 25. Rdf1 Bf3 26. Rhg1 c6 (26... e4 $142 27. Bxe4 Bxe4 28. Rxf8+ Qxf8) 27. g6 {[%emt 0:01:31][%cal Oh4h5] [#] Threatens to win with h5!} Nc7 28. h5 e4 29. h6 Qe5 30. g7+ {[%emt 0:00:05] White mates.} Kh7 31. Bxe4+ Bxe4 32. Rxf8 {[%emt 0:00:10] White took control after the opening.  Weighted Error Value: White=0.38/Black=0.80} 1-0

[Event "Slovakia Open 2022"]
[Site "Bratislava"]
[Date "2022.09.30"]
[Round "1.2"]
[White "Nytra, Ondrej"]
[Black "Stocek, Jiri"]
[Result "0-1"]
[ECO "B09"]
[WhiteElo "2233"]
[BlackElo "2559"]
[Annotator "TA"]
[PlyCount "32"]
[EventDate "2022.09.30"]
[EventCountry "SVK"]
[SourceTitle "playchess.com"]
[Source "ChessBase"]
[SourceQuality "1"]
[TimeControl "2700+10"]

1. e4 d6 2. d4 Nf6 3. Nc3 g6 4. f4 Bg7 5. Nf3 Nc6 6. e5 {[%emt 0:07:00] B09: Pirc Defence: Austrian Attack.} dxe5 7. fxe5 Nd5 8. Bc4 {[%emt 0:05:44] White is slightly better.} Be6 {[%emt 0:04:29] [#] Hoping for ...Nxc3.} 9. Ng5 $146 (9. Qd2 $11) ({Predecessor:} 9. Bb3 Qd7 10. O-O O-O 11. Ne4 Bf5 12. Nc5 Qd8 13. Nxb7 Qb8 14. Bxd5 Qxb7 15. Nh4 {1-0 (78) Siva,M (2349)-Osmak,I (2438) Chess.com INT 2020}) 9... Nxc3 $17 10. Bxe6 $4 (10. Nxe6 $17 Nxd1 11. Nxd8 Rxd8 12. c3) 10... Nxd1 $19 {[%emt 0:02:14] Pair of Knights!} 11. Bxf7+ Kf8 ({But not} 11... Kd7 $2 12. Ne6 Qb8 13. Nxg7 Nxd4 14. O-O) 12. Rf1 $2 (12. c3 Nxe5 13. dxe5) 12... Nxd4 {[%emt 0:01:15] Black is clearly winning.} 13. Bxg6+ {[%emt 0:00:44] [#]} Bf6 $1 14. Bd3 Kg7 {[%emt 0:01:15] White must now prevent ...Bxg5.} 15. exf6+ exf6 16. Nf3 {[%emt 0:00:08] [#]} Nxc2+ $1 {[%emt 0:00:19] Black took control after the opening.  Weighted Error Value: White=1.64/Black=0.02 (flawless)} 0-1

[Event "Slovakia Open 2022"]
[Site "Bratislava"]
[Date "2022.09.30"]
[Round "1.3"]
[White "Laurusas, Tomas"]
[Black "Rancso, Mark"]
[Result "1-0"]
[ECO "D30"]
[WhiteElo "2563"]
[BlackElo "1960"]
[Annotator "TA"]
[PlyCount "68"]
[EventDate "2022.09.30"]
[EventCountry "SVK"]
[SourceTitle "playchess.com"]
[Source "ChessBase"]
[SourceQuality "1"]
[TimeControl "2700+10"]

1. d4 d5 2. c4 c6 3. Nf3 Nf6 4. Nbd2 e6 5. e3 Be7 6. b3 {[%emt 0:00:03] D30: Queen's Gambit Declined: Systems without Nc3.} O-O 7. Bb2 Nbd7 8. Bd3 {[%emt 0:00:10] The position is equal.} c5 9. cxd5 $5 {[%emt 0:00:21][%mdl 4] An interesting side line.} exd5 10. O-O cxd4 11. Nxd4 Nc5 12. Be2 {[%emt 0:00:19] [#]} a5 $146 ({Predecessor:} 12... Bd7 13. N2f3 Qb6 14. Rc1 Rac8 15. Ne5 Be6 16. Bf3 Nce4 17. Qd3 a6 18. Ne2 Qa5 19. a3 Qd2 20. Qxd2 Nxd2 21. Rfd1 Nxb3 22. Rxc8 Rxc8 23. Nf4 Rc2 24. Ned3 Ne4 {0-1 (23) Bandlow,M (1763)-Guenther,T (2038) Berlin 2002}) 13. Rc1 Bd7 14. N2f3 Bd6 15. Nh4 Rc8 16. Ndf5 Bxf5 17. Nxf5 Re8 18. Bg4 {[%emt 0:01:47][%cal Of5g7] [#] And now Nxg7! would win. A strong pair of Bishops.} Be5 19. Bxe5 Rxe5 20. Qd4 Nxg4 ({Not} 20... Re4 21. Rxc5 Ra8 22. Qb2 Rxg4 23. Rfc1 $16) 21. Qxg4 g6 22. Nh6+ Kg7 {[%emt 0:02:23] [#]} 23. Qd4 $1 ({Worse is} 23. Qf4 Re4 24. Nxf7 Qe7 25. Qh6+ (25. Qd6 $2 Kxf7 26. Qxd5+ Kg7 $17) 25... Kxf7 $17) 23... f6 {[%emt 0:00:02] White must now prevent ...Re4.} 24. Rxc5 Rxc5 25. Qxc5 {[%emt 0:00:22] Ng4 is the strong threat.} Kxh6 $16 {[%emt 0:00:05][%mdl 4096] Endgame KQR-KQR} 26. Rd1 Kg7 27. h3 Kf7 28. Rd4 h5 29. Qb5 b6 30. Qc6 {[%emt 0:01:00] Prevents Qd6.} Re6 31. Qb5 {[%emt 0:00:54] White is more active.} Re5 $1 32. Qd3 f5 33. Kh2 ({Better is} 33. f4 Re7 34. Rxd5) 33... Ke6 34. Qb5 Qd6 {[%emt 0:00:24] Weighted Error Value: White=0.10 (very precise) /Black=0.07 (flawless)} 1-0

[Event "Slovakia Open 2022"]
[Site "Bratislava"]
[Date "2022.09.30"]
[Round "1.5"]
[White "Heberla, Bartlomiej"]
[Black "Kucera, Michal"]
[Result "1-0"]
[ECO "B33"]
[WhiteElo "2568"]
[BlackElo "1927"]
[Annotator "TA"]
[PlyCount "55"]
[EventDate "2022.09.30"]
[EventCountry "SVK"]
[SourceTitle "playchess.com"]
[Source "ChessBase"]
[SourceQuality "1"]
[TimeControl "2700+10"]

1. e4 c5 2. Nf3 Nc6 3. d4 cxd4 4. Nxd4 Nf6 5. Nc3 e5 6. Ndb5 d6 7. Bg5 a6 8. Na3 b5 9. Nd5 Be7 10. Bxf6 Bxf6 11. c4 b4 12. Nc2 a5 {[%emt 0:00:24] 12...0-0 is more advanced technology.} 13. g3 {[%emt 0:00:02] B33: Sicilian: Pelikan and Sveshnikov Variations.} O-O 14. Bg2 Be6 15. O-O {[%emt 0:01:05] The position is equal.} Rb8 16. b3 Bxd5 {[%emt 0:03:44] [#]} 17. cxd5 $146 ({Predecessor:} 17. Qxd5 Qb6 18. Rad1 Rfd8 19. Qd3 a4 20. Qe2 Ra8 21. Rd5 Ra5 22. Rb5 Qa7 23. Qd3 axb3 24. axb3 {1-0 (48) Amonatov,F (2649)-Timofeev,A (2664) Dagomys 2008}) 17... Nd4 18. Nxd4 exd4 19. Rc1 Qd7 20. Rc6 Rfc8 21. Qc2 (21. Qc1 $5) 21... Rxc6 22. dxc6 Qc7 ({Black should try} 22... Rc8 $14) 23. Rc1 $16 d3 (23... Rb6 $16 {was called for.}) 24. Qxd3 $18 Bc3 25. e5 ({Better is} 25. Qd5 $18) 25... dxe5 $14 {[%emt 0:01:50] [#]} 26. Rd1 {[%emt 0:00:51] White is more active.} (26. Qc4 $1 $16) 26... g6 $2 (26... Bd4 $11) 27. Qd7 $18 Qxd7 28. Rxd7 {[%emt 0:00:07] Weighted Error Value: White=0.20 (precise) /Black=0.47} ({Not} 28. cxd7 Bd4 $14) 1-0

[Event "Slovakia Open 2022"]
[Site "Bratislava"]
[Date "2022.09.30"]
[Round "1.6"]
[White "Prochazka, Peter"]
[Black "Kraus, Tomas"]
[Result "0-1"]
[ECO "B07"]
[WhiteElo "1792"]
[BlackElo "2479"]
[Annotator "TA"]
[PlyCount "83"]
[EventDate "2022.09.30"]
[EventCountry "SVK"]
[SourceTitle "playchess.com"]
[Source "ChessBase"]
[SourceQuality "1"]
[TimeControl "2700+10"]

1. e4 d6 2. d4 Nf6 3. Nc3 e5 4. dxe5 dxe5 5. Qxd8+ Kxd8 6. Bg5 Be6 7. O-O-O+ Nbd7 8. Bb5 {[%emt 0:02:06] B07: Pirc Defence: Miscellaneous Systems.} ({White should play} 8. f4 $11 exf4 9. Bxf4) 8... Kc8 (8... c6 $15 9. Ba4 Kc7) 9. f3 {[%emt 0:01:28] [#]} h6 $146 ({Predecessor:} 9... c6 10. Ba4 Nc5 11. Be3 Nfd7 12. Nge2 Kc7 13. Rd2 Be7 14. Rhd1 Rhd8 15. g4 a5 {0-1 (46) Sasin,M (1512)-Mis,M (2401) Wroclaw 2022}) 10. Be3 {[%emt 0:00:57] Black has an edge.} c6 11. Bd3 Bc5 12. Bxc5 Nxc5 13. Nge2 a5 14. a3 b5 15. Nb1 Rd8 16. Ng3 g6 {[%emt 0:01:17] Black is much more active. The white rooks are badly placed.} 17. Be2 Rxd1+ 18. Rxd1 Kc7 19. Nf1 Ne8 20. Nbd2 Nd6 21. b3 f5 22. Ng3 f4 23. Nh1 b4 24. a4 g5 25. Nf2 Rd8 26. Kb2 h5 27. Nd3 Nxd3+ 28. Bxd3 g4 29. Be2 Rg8 30. Rh1 h4 31. fxg4 Bxg4 32. Re1 Be6 33. Bf3 (33. Bf1 $1 $15 {was preferrable.}) 33... h3 $36 {[%emt 0:01:00][%mdl 2048] White is under strong pressure.} 34. Re2 (34. gxh3 $142 Bxh3 35. Rh1) 34... Kb6 (34... c5 $142 35. gxh3 Bxh3) 35. c3 (35. gxh3 $142 Bxh3 36. Re1) 35... Kc5 (35... bxc3+ $142 36. Kxc3 Rh8) 36. c4 $2 {[%emt 0:00:29][%mdl 8192] [#] This costs White the game.} (36. gxh3 $17 Bxh3 37. Re1) 36... Nf7 $19 37. Kc2 Ng5 38. Rf2 (38. gxh3 Bxh3 39. Re1) 38... Nxf3 39. gxf3 Rg2 {[%emt 0:00:15] Black mates.} 40. Rf1 Kd4 41. Re1 Rxh2 42. Kb1 {[%emt 0:00:10] Weighted Error Value: White=0.65/Black=0.12 (very precise)} 0-1

[Event "Slovakia Open 2022"]
[Site "Bratislava"]
[Date "2022.09.30"]
[Round "1.7"]
[White "Yankelevich, Lev"]
[Black "Balint, Peter"]
[Result "1/2-1/2"]
[ECO "D85"]
[WhiteElo "2484"]
[BlackElo "2235"]
[Annotator "TA"]
[PlyCount "46"]
[EventDate "2022.09.30"]
[EventCountry "SVK"]
[SourceTitle "playchess.com"]
[Source "ChessBase"]
[SourceQuality "1"]
[TimeControl "2700+10"]

1. d4 Nf6 2. c4 g6 3. Nc3 d5 4. cxd5 Nxd5 5. e4 Nxc3 6. bxc3 Bg7 7. Nf3 O-O 8. Be2 c5 9. O-O b6 10. Bg5 $1 {[%emt 0:07:06] 10.Bg5 scores better than 10.Be3.} Qc7 {[%emt 0:01:52] [#] D85: Exchange Grünfeld: Unusual White 7th moves and lines with 7 Nf3.} 11. Rc1 $146 ({Predecessor:} 11. Qd2 Nc6 12. Rad1 Bg4 13. d5 Ne5 14. Nxe5 Bxe2 15. Nxg6 hxg6 16. Qxe2 Bxc3 17. f4 Bd4+ 18. Kh1 {½-½ (45) Schekachikhin,M (2403)-Timerkhanov,A (2371) St Petersburg 2018}) 11... Bb7 12. d5 Qd6 {[%emt 0:02:37] White is slightly better.} 13. c4 Nd7 14. Qd2 f5 ({Black should play} 14... e6 $14) 15. exf5 $16 Rxf5 {[%emt 0:02:40] [#]} 16. Bd3 (16. Nh4 $142 $1 ) 16... Rxf3 17. gxf3 Ne5 18. Be4 Rf8 19. Kg2 Bc8 20. Bh6 ({Don't do} 20. f4 Nf7 $14) (20. Rh1 $16) 20... Qd7 $2 {[%emt 0:05:34] [#]} (20... Bxh6 $1 $11 21. Qxh6 Ba6) 21. Bxg7 Qh3+ 22. Kh1 Kxg7 23. f4 (23. Qc3 $16 Qh5 24. Rg1) 23... Nxc4 {[%emt 0:01:32] Weighted Error Value: White=0.34/Black=0.25 (precise)} 1/2-1/2

[Event "Slovakia Open 2022"]
[Site "Bratislava"]
[Date "2022.09.30"]
[Round "1.8"]
[White "Meszaros, Casey Ryan"]
[Black "Kushko, Dmitriy"]
[Result "1/2-1/2"]
[ECO "A41"]
[WhiteElo "1925"]
[BlackElo "2302"]
[Annotator "TA"]
[PlyCount "117"]
[EventDate "2022.09.30"]
[EventCountry "SVK"]
[SourceTitle "playchess.com"]
[Source "ChessBase"]
[SourceQuality "1"]
[TimeControl "2700+10"]

1. d4 d6 2. c4 g6 3. Nc3 Bg7 4. e3 e5 5. d5 f5 6. e4 {[%emt 0:00:30] A41: 1 d4 d6: Tartakower System and Modern Defence.} Nf6 7. Bd3 O-O {[%emt 0:02:09] [#]} 8. Bg5 $146 ({Predecessor:} 8. Nge2 Na6 9. exf5 gxf5 10. Ng3 Ng4 11. Be2 Qh4 12. Bxg4 fxg4 13. Be3 Bh6 14. Qd2 Bxe3 15. fxe3 {0-1 (68) Pastar,S (2295)-Burovic,R (2393) Sarajevo 2019}) 8... h6 9. Bxf6 Qxf6 10. Qd2 Na6 11. O-O-O Nc5 12. f3 $1 a6 $36 {[%emt 0:08:53][%cal Ob7b5][%mdl 2048] Black is pushing.} 13. Nge2 Qg5 ({Black should play} 13... Nxd3+ $17 14. Qxd3 Qg5+ 15. Qd2 Qxg2) 14. Qxg5 Nxd3+ 15. Rxd3 hxg5 16. b4 g4 17. Rf1 Bd7 18. Ng3 gxf3 19. Rdxf3 f4 20. Nge2 g5 21. h3 g4 (21... Rfc8 $142 22. Kb2 Kf7) 22. hxg4 $17 Bxg4 23. R3f2 Rf6 24. Ng1 Kf7 25. Nf3 Rh8 26. Kc2 Ke7 27. Kb3 Rfh6 28. a4 Bf6 29. c5 Rh1 30. Kc4 Bd7 (30... b6 $17) 31. b5 $11 dxc5 32. Kxc5 b6+ 33. Kc4 axb5+ 34. Nxb5 c6 35. Nc3 Kd6 36. Rxh1 Rxh1 37. Rb2 Rc1 (37... cxd5+ $11 38. Nxd5 Bd8) 38. Rxb6 $16 Kc7 39. Rb1 (39. a5 $16) 39... cxd5+ $11 40. exd5 Rc2 41. Ne1 Rd2 42. Rd1 Rxd1 43. Nxd1 Bxa4 {[%emt 0:00:01][%mdl 4096] Endgame KBB-KNN} 44. Nc3 Be8 45. Ne4 Bg7 46. Nf3 Bg6 47. Nfg5 Kd7 48. Nc5+ Ke7 49. Nge4 {[%emt 0:00:14] Threatens to win with d6+.} Bf7 50. Nb7 Bg6 $2 {[%emt 0:00:20][%mdl 8192] [#]} (50... Bg8 $11) 51. d6+ $1 $18 Ke8 {[%emt 0:00:12] [#]} 52. Nec5 (52. Kd5 $1 $18 ) 52... Bf5 $11 {[%emt 0:00:07] The position is equal.} 53. Kd5 {[%emt 0:00:19] aiming for Ne4.} Bg4 $1 54. Ne6 Bf6 55. Nbc5 f3 56. d7+ Kf7 57. gxf3 Bxf3+ 58. Kd6 e4 59. Nd8+ $2 {[%emt 0:00:36][%mdl 40960] Quite a comeback for Black.  Weighted Error Value: White=0.19 (very precise) /Black=0.22 (precise) . An unexpected result.} 1/2-1/2

[Event "Slovakia Open 2022"]
[Site "Bratislava"]
[Date "2022.09.30"]
[Round "1.10"]
[White "Durovka, Stefan"]
[Black "Leniart, Arkadiusz"]
[Result "0-1"]
[ECO "D04"]
[WhiteElo "1783"]
[BlackElo "2479"]
[Annotator "TA"]
[PlyCount "64"]
[EventDate "2022.09.30"]
[EventCountry "SVK"]
[SourceTitle "playchess.com"]
[Source "ChessBase"]
[SourceQuality "1"]
[TimeControl "2700+10"]

1. Nf3 d5 2. e3 Nf6 3. d4 c6 4. Nc3 Bg4 5. Be2 Nbd7 6. h3 {[%emt 0:00:04] D04: Colle System.} Bxf3 7. Bxf3 e5 8. dxe5 {[%emt 0:00:18] Black is slightly better.} Nxe5 {[%emt 0:00:03] [#]} 9. Bd2 $146 ({Predecessor:} 9. a3 Be7 10. O-O O-O 11. b3 Rc8 12. Bb2 Qc7 13. Qe2 Rfe8 14. Rad1 Rcd8 15. Kh1 {1-0 (54) Tubakin,L (1967)-Fomichev,S (2020) Zelenograd 2014}) 9... Bd6 10. Be2 Qe7 11. O-O O-O-O 12. f4 Ned7 13. Bf3 (13. Bd3 $142) 13... Rhe8 (13... Bc5 $142 14. Qe2 Nb6) 14. a3 (14. Ne2 $142) 14... Nc5 ({Better is} 14... Nb6 {Strongly threatening ...Nc4.} 15. b3 Bxa3) 15. Ne2 Nce4 {[%emt 0:00:12] Black is more active.} 16. b4 (16. Ba5 $17) 16... Nxd2 $19 17. Qxd2 Qxe3+ 18. Qxe3 Rxe3 19. Nd4 g6 {[%emt 0:00:43] Inhibits Nf5.} ({Not} 19... Bxf4 $2 20. Nf5 Rc3 21. Nxg7) 20. Rfe1 Bxf4 21. Red1 Rde8 22. Kf1 Ne4 23. Bxe4 R8xe4 ({Avoid the trap} 23... dxe4 $2 24. Re1 $19) 24. Nf3 Rc3 25. Nd4 $2 {[%emt 0:01:43] [#]} (25. Ra2) 25... Be3 26. Nf3 Rxc2 27. Ne1 Rf4+ 28. Nf3 Rf2+ 29. Ke1 Rxg2 {[%emt 0:00:13] Black mates.} 30. Nd2 Rff2 31. Ra2 Rg1+ 32. Nf1 Rgxf1# {[%emt 0:00:03] Black took control after the opening.  Weighted Error Value: White=0.84/Black=0.09 (flawless)} 0-1

[Event "Slovakia Open 2022"]
[Site "Bratislava"]
[Date "2022.09.30"]
[Round "1.11"]
[White "Mikrut, Dariusz"]
[Black "Csontos, Aron"]
[Result "1-0"]
[ECO "D55"]
[WhiteElo "2316"]
[BlackElo "1962"]
[Annotator "TA"]
[PlyCount "85"]
[EventDate "2022.09.30"]
[EventCountry "SVK"]
[SourceTitle "playchess.com"]
[Source "ChessBase"]
[SourceQuality "1"]
[TimeControl "2700+10"]

1. d4 Nf6 2. c4 e6 3. Nf3 d5 4. Bg5 Be7 5. Nc3 O-O 6. e3 Nbd7 7. Qc2 h6 8. Bh4 b6 9. cxd5 exd5 10. Bd3 Bb7 11. O-O c5 12. Rad1 c4 {[%emt 0:01:17] D55: Queen's Gambit Declined: 4 Bg5 Be7: Lines without ...h6 and 6...h6 7 Bxf6.} 13. Bf5 Nh5 (13... Ne8 $14) 14. Bxe7 $16 {[%emt 0:05:27] White is much more active.} Qxe7 {[%emt 0:00:24] White is better.} 15. b3 {[%emt 0:00:19] [#]} a6 $146 ({Predecessor:} 15... cxb3 16. Qxb3 Nhf6 17. Ne1 Ne4 18. Bxd7 Nxc3 19. Qxc3 Qxd7 20. Nd3 Ba6 21. Ne5 Qa4 {0-1 (38) Rojas Sepulveda,J (2305)-Ravi,T (2305) Maringa 1991}) 16. Rfe1 g6 (16... b5 $14) 17. Bh3 (17. Bxd7 $16 Qxd7 18. Ne5) 17... f5 18. g3 Nhf6 19. Bg2 b5 20. Nh4 Kg7 (20... Qf7 $14) 21. bxc4 $18 bxc4 22. Rb1 Bc6 {[%emt 0:00:57] [#]} 23. Bh3 $2 (23. Ne2 $1 $16 ) 23... Ne4 $11 24. Ne2 {[%emt 0:01:07] And now Nf4 would win.} Rf6 25. Nf4 {[%emt 0:00:45] Black must now prevent Nfxg6.} Raf8 ({Black should try} 25... Qf7 $11) 26. Bg2 ({Better is} 26. Nfxg6 $1 $14 Rxg6 27. Nxf5+ Rxf5 28. Bxf5) 26... Kh7 27. f3 g5 $2 {[%emt 0:04:03][%mdl 8192] [#]} (27... Nd6 $11 {and Black is okay.} 28. e4 fxe4 29. fxe4 dxe4 30. Nhxg6 Rxg6) 28. fxe4 (28. Nxf5 $1 $18 {is the precise move to win.} Rxf5 29. fxe4 dxe4 30. d5 (30. Qxc4 gxf4 31. exf4 Bd5 $17)) 28... fxe4 $16 {[%emt 0:00:11] [#]} 29. Nhg6 Rxg6 30. Nxg6 Kxg6 31. Rf1 Nf6 (31... Rxf1+ $16 32. Bxf1 h5) 32. Rb6 $36 {[%emt 0:00:18][%csl LRa6,LRc6][%mdl 2048] White has strong initiative.} ({Don't take} 32. Qf2 $6 Kg7 $16) 32... Rc8 (32... Qc7 $142 33. Rxa6 Qb7) 33. Qf2 {[%emt 0:00:19] Hoping for Qf5+.} ({Much less strong is} 33. Rxa6 $6 Qb7 34. Ra5 Bd7 $18) 33... Qe6 {[%emt 0:00:37] Against Qf5+} 34. Rxa6 Rf8 $2 {[%emt 0:00:56] [#]} (34... Kg7 35. a4 Nd7) 35. Bh3 $1 Qd6 (35... Qxh3 36. Rxc6) 36. Qf5+ Kg7 37. Qe5 Rd8 {[%emt 0:00:52] [#]} 38. Rxc6 $1 {[%emt 0:04:04][%mdl 512] White mates.} Qxc6 (38... Qxe5 39. dxe5) 39. Qe7+ Kg6 40. Qxd8 c3 41. Qe7 g4 {[%emt 0:01:17] [#]} 42. Bxg4 $1 Nxg4 (42... Qc7 43. Rxf6+) 43. Qf7+ {[%emt 0:00:02] Weighted Error Value: White=0.23 (precise) /Black=0.65} 1-0

[Event "Slovakia Open 2022"]
[Site "Bratislava"]
[Date "2022.09.30"]
[Round "1.12"]
[White "Pekar, Matus"]
[Black "Machata, Martin"]
[Result "0-1"]
[ECO "A57"]
[WhiteElo "1679"]
[BlackElo "2212"]
[Annotator "TA"]
[PlyCount "71"]
[EventDate "2022.09.30"]
[EventCountry "SVK"]
[SourceTitle "playchess.com"]
[Source "ChessBase"]
[SourceQuality "1"]
[TimeControl "2700+10"]

1. d4 Nf6 2. c4 c5 3. d5 b5 4. Qc2 b4 5. e4 d6 6. f4 {[%emt 0:00:36] A57: Benko/Volga Gambit.} g6 7. Bd3 (7. e5 $5 Nh5 8. a3 $11) 7... Bg7 8. Nf3 {[%emt 0:00:35] The position is equal.} O-O 9. O-O e6 10. Nbd2 exd5 {[%emt 0:00:55] [#]} 11. exd5 $146 ({Predecessor:} 11. cxd5 Ba6 12. Rb1 Bxd3 13. Qxd3 Nbd7 14. b3 Nb6 15. Bb2 a5 16. Nc4 Nxc4 17. bxc4 {1-0 (37) Shatko,D (2329)-Martinez Arca,M (1988) Cerdanyola del Valles 2015}) 11... Re8 12. Rb1 Ng4 {[%emt 0:00:42] [#] ...Ne3 is the strong threat.} 13. Ne4 f5 14. Nf2 Nxf2 15. Rxf2 Nd7 16. b3 Nf6 17. Bb2 Bd7 18. Re2 Rxe2 19. Qxe2 Qf8 20. Ng5 (20. a3 $11 {remains equal.}) 20... Re8 $17 21. Ne6 {[%emt 0:01:01] White is on the road to losing.} ({White should play} 21. Qc2 $15) 21... Qf7 22. Re1 {[%emt 0:01:14] [#]} Nh5 $1 {[%emt 0:00:31] Strongly threatening ...Nxf4.} 23. Bc1 Bd4+ 24. Kh1 (24. Kf1 $17) 24... Ng7 $19 25. Qf3 Nxe6 26. dxe6 Rxe6 27. Rxe6 Bxe6 28. a3 $2 (28. Be3) 28... d5 29. axb4 cxb4 30. Bd2 $2 (30. Be3 Bxe3 31. Qxe3) 30... a5 ({Avoid the trap} 30... dxc4 $2 31. Qa8+ Kg7 32. bxc4 $19) 31. Qe2 dxc4 {[%emt 0:00:24] Black is clearly winning.} 32. bxc4 Qd7 33. Qd1 (33. h3 $142) 33... Bc5 34. Qc2 Qd4 35. Qb1 {[%emt 0:00:10] Prevents Qg1+.} a4 {[%emt 0:00:48] ( -> ...a3)} 36. Qe1 {[%emt 0:00:26] Weighted Error Value: White=0.63/Black=0.12 (very precise)} 0-1

[Event "Slovakia Open 2022"]
[Site "Bratislava"]
[Date "2022.09.30"]
[Round "1.13"]
[White "Matejovic, Juraj"]
[Black "Melih, Mario"]
[Result "1-0"]
[ECO "C68"]
[WhiteElo "2238"]
[BlackElo "1633"]
[Annotator "TA"]
[PlyCount "121"]
[EventDate "2022.09.30"]
[EventCountry "SVK"]
[SourceTitle "playchess.com"]
[Source "ChessBase"]
[SourceQuality "1"]
[TimeControl "2700+10"]

1. e4 {[%emt 0:00:08] Schussler,H} e5 2. Nf3 Nc6 3. Bb5 a6 4. Bxc6 dxc6 5. O-O Bd6 6. d4 exd4 7. Qxd4 f6 8. Be3 Be6 9. Nbd2 Ne7 10. Rfd1 O-O {[%emt 0:00:17] C68: Ruy Lopez: Exchange Variation, sidelines.} 11. Nc4 Bb4 {[%emt 0:04:54][%cal Bd6b4,Bb4a5,Ba5b6][%mdl 32] [#] Strongly threatening ...Qxd4.} 12. Ncd2 $146 (12. a3 $14 Qxd4 13. Nxd4 Bxc4 14. axb4) ({Predecessor:} 12. a3 Qxd4 13. Nxd4 Bxc4 14. axb4 Rfd8 15. Bf4 Rac8 16. Nf3 Rxd1+ 17. Rxd1 Be6 18. Nd4 {1-0 (58) Wahls,M (2560)-Nunn,J (2600) Munich 1991 CBM 023 [Schussler,H]}) 12... Qxd4 $11 {[%emt 0:01:11] The position is equal.} 13. Nxd4 Bf7 14. Bf4 Rad8 15. c3 Ba5 16. N2b3 Bb6 17. Be3 Rd7 18. Nc2 (18. Nf5 $5 Rxd1+ 19. Rxd1 Nxf5 20. Bxb6 $11) 18... Rfd8 19. Rxd7 Rxd7 20. Nbd4 Kf8 21. f3 Ng6 22. b3 Ne5 23. Ne1 g6 24. Kf1 Ke7 ({Black should try} 24... a5 $15) 25. Ke2 (25. f4 $5 Ng4 26. Bg1 $11) 25... a5 (25... c5 $5 26. Ndc2 $8 g5 $11) 26. h3 c5 27. Ndc2 a4 28. c4 Nc6 (28... g5 $11) 29. Nd3 $14 Nd4+ (29... Ke8 $14) 30. Bxd4 $16 cxd4 {[%emt 0:00:05] [#]} 31. Ncb4 (31. c5 $1 $16 Ba7 32. bxa4) 31... c6 $11 32. Kd2 Rd8 33. Kc2 Ra8 34. Re1 Ba5 {[%emt 0:01:50][%cal Oc6c5] aiming for ...c5!} 35. Re2 b5 $2 (35... g5 $17 {keeps the pressure on.}) 36. Nxc6+ $18 {[%emt 0:00:04] Pair of Knights! Black is now going downhill.} Kd6 37. Nxa5 ({But not} 37. Nxd4 $6 bxc4 38. e5+ fxe5 39. Nxe5 cxb3+ 40. Kd3 Bg8 41. axb3 a3 $14) 37... Rxa5 {[%emt 0:00:03][%mdl 4096] Endgame KRB-KRN} 38. c5+ Kc7 39. b4 Ra6 40. a3 Bc4 41. Kd2 Re6 42. Re1 Kc6 43. h4 Re7 44. Nf4 Re5 45. Nd3 Re7 46. g3 Re8 47. f4 h5 $2 (47... Be6 {is tougher.} 48. Rg1 Bb3) 48. e5 {[%emt 0:00:18] White is clearly winning.} f5 49. e6 Rxe6 50. Rxe6+ Bxe6 {[%emt 0:00:01] KB-KN} 51. Ne5+ Kd5 52. Kd3 Bc8 53. Nxg6 {[%emt 0:00:03] White wants to mate with Ne7+.} Bb7 54. Ne5 {[%emt 0:00:15] And now Nf7 would win.} Ba8 55. Nf3 (55. Nf7 $142 Bc6 56. Ne5) 55... Bc6 56. Nxd4 Bd7 57. Ne2 (57. Kc3 $142 Be8 58. Nxf5) 57... Bc6 58. Nc3+ Ke6 59. Kd4 Bd7 60. Nd5 (60. c6 $142 Bxc6 61. Kc5) 60... Bc6 61. Ne3 {[%emt 0:00:20] Weighted Error Value: White=0.28 (precise) /Black=0.39} 1-0